TOP OF THE 1ST |
Eau Claire Esquires batting - Pitching for Chula Vista Tacos : RHP Jesús De Los Santos
|
Pitching: RHP Jesús De Los Santos
|
|
Batting: LHB John Frost
|
0-0: Ball 1-0: Foul Ball, location: 2F 1-1: DOUBLE (Flyball, 78M)
|
Batting: LHB Manny Salazar
|
0-0: Ball John Frost steals 3rd base 1-0: Swinging Strike 1-1: Ball 2-1: Ball 3-1: Base on Balls
|
Batting: RHB Roberto García
|
0-0: Ball 1-0: Called Strike 1-1: Foul Ball, location: 2F 1-2: Foul Ball, location: 2F 1-2: Strikes out swinging
|
Batting: SHB António De La Cruz
|
0-0: Ball Manny Salazar steals 2nd base 1-0: Ball 2-0: Ground out 4-3 (Groundball, 34) John Frost scores Manny Salazar to third
|
Batting: SHB Tim Johnson
|
0-0: Ball 1-0: Swinging Strike 1-1: Foul Ball, location: 2F 1-2: Strikes out swinging
|
Top of the 1st over - 1 run(s), 1 hit(s), 0 error(s), 1 left on base; Eau Claire 1 - Chula Vista 0 |
BOTTOM OF THE 1ST |
Chula Vista Tacos batting - Pitching for Eau Claire Esquires : RHP Ray McIntyre
|
Pitching: RHP Ray McIntyre
|
|
Batting: RHB Ricardo Guzmán
|
0-0: Called Strike 0-1: Ball 1-1: Ball 2-1: Foul Ball, location: 2F 2-2: Strikes out swinging
|
Batting: LHB Alberto Santos
|
0-0: Foul Ball, location: 2F 0-1: Ground out 4-3 (Groundball, 4)
|
Batting: RHB Luis Martínez
|
0-0: Ball 1-0: SINGLE (Flyball, 89S) - OUT at second base trying to stretch hit.
|
Bottom of the 1st over - 0 run(s), 1 hit(s), 0 error(s), 0 left on base; Eau Claire 1 - Chula Vista 0 |
TOP OF THE 2ND |
Eau Claire Esquires batting - Pitching for Chula Vista Tacos : RHP Jesús De Los Santos
|
Batting: RHB José Ruíz
|
0-0: Ball 1-0: SINGLE (Line Drive, 4D)
|
Batting: RHB Pancho Torres
|
0-0: Ball 1-0: Reached on error, E1 (Groundball, 13S) José Ruíz to second
|
Batting: RHB Esteban Lara
|
0-0: Called Strike 0-1: Fly out, F8 (Flyball, 8LD) Runner from 2nd tags up, SAFE at 3rd, no throw
|
Batting: LHB Jorge Fernández
|
0-0: Foul Ball, location: 2F 0-1: Called Strike 0-2: SINGLE (Groundball, 34) José Ruíz scores Pancho Torres to second Runner from 2nd tries for 3rd, SAFE, no throw or cutoff
|
Batting: LHB John Frost
|
0-0: Swinging Strike 0-1: Called Strike 0-2: Fly out, F7 (Flyball, 7M) Runner from 3rd tags up, SCORES, no throw
|
Batting: LHB Manny Salazar
|
0-0: Ball 1-0: DOUBLE (Line Drive, 7LS) Jorge Fernández to third
|
Batting: RHB Roberto García
|
0-0: Called Strike 0-1: Ball 1-1: Ball 2-1: Swinging Strike 2-2: Ball 3-2: Base on Balls
|
Batting: SHB António De La Cruz
|
0-0: Foul Ball, location: 2F 0-1: Swinging Strike 0-2: Ball 1-2: Foul Ball, location: 2F 1-2: Strikes out looking
|
Top of the 2nd over - 2 run(s), 3 hit(s), 1 error(s), 3 left on base; Eau Claire 3 - Chula Vista 0 |
BOTTOM OF THE 2ND |
Chula Vista Tacos batting - Pitching for Eau Claire Esquires : RHP Ray McIntyre
|
Batting: RHB Griswold Coleman
|
0-0: Ball 1-0: Fly out, F9 (Flyball, 9M)
|
Batting: LHB Ray Bryant
|
0-0: Swinging Strike 0-1: Foul Ball, location: 2F 0-2: Strikes out swinging
|
Batting: RHB Ron Glass
|
0-0: Ball 1-0: Swinging Strike 1-1: Called Strike 1-2: Ball 2-2: Foul Ball, location: 2F 2-2: Ball 3-2: Ground out U3 (Groundball, 3)
|
Bottom of the 2nd over - 0 run(s), 0 hit(s), 0 error(s), 0 left on base; Eau Claire 3 - Chula Vista 0 |
TOP OF THE 3RD |
Eau Claire Esquires batting - Pitching for Chula Vista Tacos : RHP Jesús De Los Santos
|
Batting: SHB Tim Johnson
|
0-0: Ground out 1-3 (Groundball, 15)
|
Batting: RHB José Ruíz
|
0-0: Foul Ball, location: 2F 0-1: Ball 1-1: Fly out, F7 (Flyball, 7M)
|
Batting: RHB Pancho Torres
|
0-0: Called Strike 0-1: Ground out 6-3 (Groundball, 6)
|
Top of the 3rd over - 0 run(s), 0 hit(s), 0 error(s), 0 left on base; Eau Claire 3 - Chula Vista 0 |
BOTTOM OF THE 3RD |
Chula Vista Tacos batting - Pitching for Eau Claire Esquires : RHP Ray McIntyre
|
Batting: RHB Fred Ameris
|
0-0: Called Strike 0-1: Called Strike 0-2: Ball 1-2: Strikes out swinging
|
Batting: RHB Doug Brown
|
0-0: Ball 1-0: Ground out 6-3 (Groundball, 56)
|
Batting: SHB Michael Aisher
|
0-0: Foul Ball, location: 2F 0-1: Called Strike 0-2: Foul Ball, location: 2F 0-2: Fly out, F7 (Flyball, 7M)
|
Bottom of the 3rd over - 0 run(s), 0 hit(s), 0 error(s), 0 left on base; Eau Claire 3 - Chula Vista 0 |
TOP OF THE 4TH |
Eau Claire Esquires batting - Pitching for Chula Vista Tacos : RHP Jesús De Los Santos
|
Batting: RHB Esteban Lara
|
0-0: Ball 1-0: Called Strike 1-1: Ball 2-1: Ball 3-1: Base on Balls
|
Batting: LHB Jorge Fernández
|
0-0: Foul Ball, location: 2F 0-1: Ball 1-1: Ball Wild Pitch! Esteban Lara to second 2-1: Swinging Strike 2-2: Ball 3-2: Strikes out swinging
|
Batting: LHB John Frost
|
0-0: Ball Esteban Lara steals 3rd base 1-0: Called Strike 1-1: Ground out 1-3 (Groundball, 15)
|
Batting: LHB Manny Salazar
|
0-0: Ball 1-0: Called Strike 1-1: Ground out 5-3 (Groundball, 56)
|
Top of the 4th over - 0 run(s), 0 hit(s), 0 error(s), 1 left on base; Eau Claire 3 - Chula Vista 0 |
BOTTOM OF THE 4TH |
Chula Vista Tacos batting - Pitching for Eau Claire Esquires : RHP Ray McIntyre
|
Batting: RHB Ricardo Guzmán
|
0-0: SINGLE (Groundball, 6D)
|
Batting: LHB Alberto Santos
|
0-0: Foul Ball, location: 2F 0-1: Fly out, F8 (Line Drive, 8LM)
|
Batting: RHB Luis Martínez
|
0-0: Grounds into double play, 6-4-3 (Groundball, 6M)
|
Bottom of the 4th over - 0 run(s), 1 hit(s), 0 error(s), 0 left on base; Eau Claire 3 - Chula Vista 0 |
TOP OF THE 5TH |
Eau Claire Esquires batting - Pitching for Chula Vista Tacos : RHP Jesús De Los Santos
|
Batting: RHB Roberto García
|
0-0: Ground out 6-3 (Groundball, 6M)
|
Batting: SHB António De La Cruz
|
0-0: Foul Ball, location: 2F 0-1: Swinging Strike 0-2: Foul Ball, location: 2F 0-2: Ground out 3-1 (Groundball, 34)
|
Batting: SHB Tim Johnson
|
0-0: Called Strike 0-1: Foul Ball, location: 2F 0-2: Foul Ball, location: 2F 0-2: Hit by Pitch
|
Batting: RHB José Ruíz
|
0-0: Called Strike 0-1: Ball 1-1: Foul Ball, location: 2F 1-2: Strikes out swinging
|
Top of the 5th over - 0 run(s), 0 hit(s), 0 error(s), 1 left on base; Eau Claire 3 - Chula Vista 0 |
BOTTOM OF THE 5TH |
Chula Vista Tacos batting - Pitching for Eau Claire Esquires : RHP Ray McIntyre
|
Batting: RHB Griswold Coleman
|
0-0: Ball 1-0: Foul Ball, location: 2F 1-1: Swinging Strike 1-2: Strikes out looking
|
Batting: LHB Ray Bryant
|
0-0: Foul Ball, location: 2F 0-1: SINGLE (Flyball, 78S)
|
Batting: RHB Ron Glass
|
0-0: Called Strike Ray Bryant steals 2nd base 0-1: Ball 1-1: Ball 2-1: Ground out 6-3 (Groundball, 6) Ray Bryant to third
|
Batting: RHB Fred Ameris
|
0-0: Called Strike 0-1: Ball 1-1: Fly out, F4 (Line Drive, 4M)
|
Bottom of the 5th over - 0 run(s), 1 hit(s), 0 error(s), 1 left on base; Eau Claire 3 - Chula Vista 0 |
TOP OF THE 6TH |
Eau Claire Esquires batting - Pitching for Chula Vista Tacos : RHP Jesús De Los Santos
|
Pitching: RHP Gabriel García
|
|
Batting: RHB Pancho Torres
|
0-0: Called Strike 0-1: Swinging Strike 0-2: Strikes out swinging
|
Batting: RHB Esteban Lara
|
0-0: Ball 1-0: Ball 2-0: Ball 3-0: Base on Balls
|
Batting: LHB Jorge Fernández
|
0-0: Called Strike 0-1: Foul Ball, location: 2F 0-2: Strikes out looking
|
Batting: LHB John Frost
|
0-0: Ball 1-0: Called Strike 1-1: Called Strike 1-2: Foul Ball, location: 2F 1-2: Foul Ball, location: 2F 1-2: Ball 2-2: Ball 3-2: Ground out U3 (Groundball, 3S)
|
Top of the 6th over - 0 run(s), 0 hit(s), 0 error(s), 1 left on base; Eau Claire 3 - Chula Vista 0 |
BOTTOM OF THE 6TH |
Chula Vista Tacos batting - Pitching for Eau Claire Esquires : RHP Ray McIntyre
|
Batting: RHB Doug Brown
|
0-0: Swinging Strike 0-1: Called Strike 0-2: Strikes out swinging
|
Batting: SHB Michael Aisher
|
0-0: Called Strike 0-1: Ball 1-1: Swinging Strike 1-2: Strikes out swinging
|
Batting: RHB Ricardo Guzmán
|
0-0: Ball 1-0: Called Strike 1-1: Ball 2-1: Fly out, F3 (Popup, 3)
|
Bottom of the 6th over - 0 run(s), 0 hit(s), 0 error(s), 0 left on base; Eau Claire 3 - Chula Vista 0 |
TOP OF THE 7TH |
Eau Claire Esquires batting - Pitching for Chula Vista Tacos : RHP Gabriel García
|
Batting: LHB Manny Salazar
|
0-0: Foul Ball, location: 2F 0-1: DOUBLE (Flyball, 89M)
|
Batting: RHB Roberto García
|
0-0: Foul Ball, location: 2F 0-1: Ball 1-1: Ball 2-1: Ball 3-1: Base on Balls
|
Batting: SHB António De La Cruz
|
0-0: Ball 1-0: Foul Ball, location: 2F 1-1: Swinging Strike 1-2: Foul Ball, location: 2F 1-2: Strikes out looking
|
Batting: SHB Tim Johnson
|
0-0: Called Strike 0-1: Foul Ball, location: 2F 0-2: Foul Ball, location: 2F 0-2: Strikes out swinging
|
Batting: RHB José Ruíz
|
0-0: Swinging Strike 0-1: Ball 1-1: Called Strike 1-2: Strikes out swinging
|
Top of the 7th over - 0 run(s), 1 hit(s), 0 error(s), 2 left on base; Eau Claire 3 - Chula Vista 0 |
BOTTOM OF THE 7TH |
Chula Vista Tacos batting - Pitching for Eau Claire Esquires : RHP Ray McIntyre
|
Batting: LHB Alberto Santos
|
0-0: Ball 1-0: SINGLE (Line Drive, 34)
|
Batting: RHB Luis Martínez
|
0-0: Foul Ball, location: 2F 0-1: Fly out, F8 (Line Drive, 8LM)
|
Batting: RHB Griswold Coleman
|
0-0: Ball 1-0: Reached on Error, E7 (Flyball, 7D) Alberto Santos to third
|
Batting: LHB Ray Bryant
|
0-0: SINGLE (Groundball, 4M) Alberto Santos scores Griswold Coleman to third Runner from 3rd tries for Home, SAFE, no throw or cutoff
|
Batting: RHB Ron Glass
|
0-0: Called Strike 0-1: Ball 1-1: Grounds into double play, 5-4-3 (Groundball, 56)
|
Bottom of the 7th over - 2 run(s), 2 hit(s), 1 error(s), 0 left on base; Eau Claire 3 - Chula Vista 2 |
TOP OF THE 8TH |
Eau Claire Esquires batting - Pitching for Chula Vista Tacos : RHP Gabriel García
|
Pitching: RHP Mike Marrero
|
|
Batting: RHB Pancho Torres
|
0-0: Called Strike 0-1: Ground out 6-3 (Groundball, 6M)
|
Batting: RHB Esteban Lara
|
0-0: Foul Ball, location: 2F 0-1: Called Strike 0-2: Ball 1-2: Foul Ball, location: 2F 1-2: Strikes out swinging
|
Batting: LHB Jorge Fernández
|
0-0: Called Strike 0-1: Called Strike 0-2: Ball 1-2: Ball 2-2: SINGLE (Flyball, 8RS)
|
Pinch Hitting: LHB Edwin Ryan
|
0-0: Fly out, F6 (Popup, 6MD)
|
Top of the 8th over - 0 run(s), 1 hit(s), 0 error(s), 1 left on base; Eau Claire 3 - Chula Vista 2 |
BOTTOM OF THE 8TH |
Chula Vista Tacos batting - Pitching for Eau Claire Esquires : RHP Ray McIntyre
|
Now in RF: Edwin Ryan
|
|
Batting: RHB Fred Ameris
|
0-0: Ground out U3 (Groundball, 3)
|
Batting: RHB Doug Brown
|
0-0: Ball 1-0: Called Strike 1-1: Foul Ball, location: 2F 1-2: Ball 2-2: Ball 3-2: Foul Ball, location: 2F 3-2: Strikes out swinging
|
Batting: SHB Michael Aisher
|
0-0: Ball 1-0: Swinging Strike 1-1: Swinging Strike 1-2: Strikes out swinging
|
Bottom of the 8th over - 0 run(s), 0 hit(s), 0 error(s), 0 left on base; Eau Claire 3 - Chula Vista 2 |
TOP OF THE 9TH |
Eau Claire Esquires batting - Pitching for Chula Vista Tacos : RHP Mike Marrero
|
Pitching: LHP Raymond Ritchie
|
|
Batting: LHB Manny Salazar
|
0-0: Ball 1-0: Foul Ball, location: 2F 1-1: SINGLE (Line Drive, 6MD)
|
Batting: RHB Roberto García
|
0-0: Ball 1-0: Swinging Strike 1-1: Called Strike 1-2: Ball 2-2: Foul Ball, location: 2F 2-2: SINGLE (Line Drive, 4D) Manny Salazar to second Runner from 2nd tries for 3rd, OUT!
|
Batting: SHB António De La Cruz
|
0-0: Foul Ball, location: 2F 0-1: Swinging Strike 0-2: Strikes out swinging
|
Pinch Hitting: RHB Carlos Rea
|
0-0: Ball 1-0: Called Strike 1-1: Foul Ball, location: 2F 1-2: Ball 2-2: Strikes out swinging
|
Top of the 9th over - 0 run(s), 2 hit(s), 0 error(s), 1 left on base; Eau Claire 3 - Chula Vista 2 |
BOTTOM OF THE 9TH |
Chula Vista Tacos batting - Pitching for Eau Claire Esquires : RHP Ray McIntyre
|
Pitching: RHP Armando Torres
|
|
Now at SS: Carlos Rea
|
|
Batting: RHB Ricardo Guzmán
|
0-0: Ball 1-0: Called Strike 1-1: Called Strike 1-2: Ground out 5-3 (Groundball, 56S)
|
Pinch Hitting: LHB Ken Phillips
|
0-0: Called Strike 0-1: Fly out, F8 (Flyball, 8RM)
|
Batting: RHB Luis Martínez
|
0-0: Fly out, F3 (Popup, 3SF)
|
Bottom of the 9th over - 0 run(s), 0 hit(s), 0 error(s), 0 left on base; Eau Claire 3 - Chula Vista 2 |
|